 Dungeon Crawl Stone Soup version 0.29.1-15-g9cfb28693d (webtiles) character file.

Game seed: 1217258505300846470

121 protoss039 the Sneak (level 5, 0/30 HPs)
             Began as a Tengu Enchanter on Mar 24, 2023.
             Slain by a ball python (3 damage)
             ... on level 2 of the Dungeon.
             The game lasted 00:03:17 (2122 turns).

protoss039 the Sneak (Tengu Enchanter)              Turns: 2122, Time: 00:03:18

Health: 0/30       AC:  2    Str:  8    XL:     5   Next: 5%
Magic:  0/9        EV: 14    Int: 16    God:
Gold:   32         SH:  4    Dex: 16    Spells: 6/8 levels left

rFire   . . .      SeeInvis .   a - +1 dagger
rCold   . . .      Faith    .   f - +0 buckler
rNeg    . . .      Spirit   .   b - +0 robe
rPois   .          Reflect  .   (helmet restricted)
rElec   .          Harm     .   (no cloak)
rCorr   .          Rampage  .   (no gloves)
Will    .....                   (boots unavailable)
Stlth   ++........              k - amulet of regeneration
HPRegen 0.90/turn               (no ring)
MPRegen 0.11/turn               (no ring)

@: flying quickly and evasively, very slightly contaminated, invisible, quick
A: beak, talons 3, nimble flight
a: no special abilities


You were on level 2 of the Dungeon.
You visited 1 branch of the dungeon, and saw 3 of its levels.

You collected 56 gold pieces.
You spent 24 gold pieces at shops.

Inventory:

Hand Weapons
 a - a +1 dagger (weapon)
Armour
 b - a +0 robe (worn)
 f - a +0 buckler (worn)
Jewellery
 k - an amulet of regeneration (around neck)
Scrolls
 e - a scroll of immolation {unknown}
 h - a scroll of magic mapping {unknown}
 i - a scroll of poison {unknown}
 m - a scroll of enchant armour {unknown}
 n - a scroll of identify
Potions
 c - 2 potions of invisibility
 g - a potion of lignification {unknown}
 j - a potion of heal wounds {unknown}
 l - a potion of curing {unknown}
 o - a potion of degeneration {unknown}


   Skills:
 * Level 1.8 Fighting
 + Level 1.8 Short Blades
 + Level 2.6 Dodging
 + Level 3.4 Stealth
 + Level 1.0 Shields
 + Level 2.3 Spellcasting
 + Level 2.4 Hexes
 * Level 1.4 Ice Magic


You had 6 spell levels left.
You knew the following spells:

 Your Spells              Type           Power      Damage    Failure   Level
a - Ensorcelled Hibernat  Hex/Ice        16%        N/A       19%         2

Your spell library contained the following spells:

 Spells                   Type           Power      Damage    Failure   Level
 Confusing Touch          Hex            9%         N/A       30%         3
 Tukima's Dance           Hex            9%         N/A       30%         3
 Dazzling Flash           Conj/Hex       10%        N/A       45%         3
 Iskenderun's Mystic Bla  Conj/Tloc      1%         2d3       95%         4
 Starburst                Conj/Fire      0%         6d3       100%        6


Dungeon Overview and Level Annotations

Branches:
Dungeon (3/15) Zot: 15879

Altars:

Shops:
D:2 ?


Innate Abilities, Weirdness & Mutations

You have a beak for a mouth.
You have claws for feet.
Your magical nature lets you fly swiftly and evasively.


Message History

Aim: an adder (chance to affect: 50%)
The adder resists with some effort.
The adder barely misses you. The orc hits you with a +0 hand axe.
* * * LOW HITPOINT WARNING * * *
The adder closely misses you.
Unknown command.
Casting: Ensorcelled Hibernation (safe; 19% risk of failure)
Confirm with . or Enter, or press ? or * to list all spells.
Aiming: Ensorcelled Hibernation (safe; 19% risk of failure)
Press: ? - help, Shift-Dir - straight line, f/p - adder
Aim: an adder (chance to affect: 50%)
The adder looks drowsy...
The orc barely misses you.
Unknown command.
The helpless adder fails to defend itself.
You puncture the adder!
You kill the adder!
The orc hits you with a +0 hand axe!
* * * LOW HITPOINT WARNING * * *
You have reached level 5!
Your magical nature develops, letting you fly swiftly and evasively.
Unknown command.
You fade into invisibility!
The ball python misses you. The orc closely misses you.
The ball python bites you but does no damage.
Unknown command.
Casting: Ensorcelled Hibernation (safe; 19% risk of failure)
Confirm with . or Enter, or press ? or * to list all spells.
Aiming: Ensorcelled Hibernation (safe; 19% risk of failure)
Press: ? - help, Shift-Dir - straight line, f - you
Okay, then.
Casting: Ensorcelled Hibernation (safe; 19% risk of failure)
Confirm with . or Enter, or press ? or * to list all spells.
Aiming: Ensorcelled Hibernation (safe; 19% risk of failure)
Press: ? - help, Shift-Dir - straight line, f - ball python
Aim: a ball python (unable to see you, chance to affect: 59%)
You miscast Ensorcelled Hibernation.
You are very lightly contaminated with residual magic.
Nothing appears to happen.
The orc barely misses you. The ball python bites you.
You die...

.# #.........#.##.##.# #.#...#.#
.# ######.####.##÷##.# #.#...#.#
## #.......#.......# #.#...#.#
##.#...#.####.#### #.#...#.#
##..#..........######.......#
#.......#.##..............###
######...###.......##..##....####
........#.#.#.##S####............
#######.......##@##......)#..####
##########o##.#........#
#.......#...∩.## #..............#
#.##.#..##...#.# #.##.#.........#
#.##..........###
#.##.##.##......#
#.##............#


You could see an orc (unable to see you) and a ball python (unable to see you).

Vanquished Creatures
  Terence (D:2)
  An orc wizard (D:2)
  2 adders (D:2)
  A worm (D:2)
  A dart slug (D:2)
  An orc (D:2)
  3 ball pythons
  3 endoplasms
  2 giant cockroaches (D:2)
  4 goblins
  4 hobgoblins
  7 jackals
  6 kobolds
  A quokka (D:1)
  3 bats (D:1)
  2 frilled lizards
  3 rats
45 creatures vanquished.

Notes
Turn   | Place    | Note
-------+----------+-------------------------------------------
     0 | D:1      | protoss039 the Tengu Enchanter began the quest for the Orb.
     0 | D:1      | Reached XP level 1. HP: 10/10 MP: 4/4
   696 | D:1      | Reached XP level 2. HP: 16/16 MP: 6/6
   717 | D:1      | Learned a level 2 spell: Ensorcelled Hibernation
   768 | D:1      | Reached skill level 1 in Fighting
  1056 | D:1      | Found a faded altar of an unknown god.
  1157 | D:1      | Reached XP level 3. HP: 20/20 MP: 7/7
  1494 | D:2      | Noticed Terence
  1541 | D:2      | Killed Terence
  1542 | D:2      | Reached skill level 1 in Ice Magic
  1542 | D:2      | Reached XP level 4. HP: 22/25 MP: 0/8
  1704 | D:2      | Found Dedghoj's Magic Scroll Shop.
  1722 | D:2      | Bought a scroll of identify for 24 gold pieces
  2118 | D:2      | Reached skill level 1 in Shields
  2120 | D:2      | HP: 1/26 [orc/+0 hand axe (7)]
  2121 | D:2      | Gained mutation: Your magical nature lets you fly swiftly
                  | and evasively. [Tengu growth]
  2121 | D:2      | Reached XP level 5. HP: 1/30 MP: 2/9
  2122 | D:2      | Slain by a ball python

Illustrated notes

Levels and vault maps discovered:
D:1:      dpeg_arrival_triangle_fractal, layout_loops_ring,
          hellmonk_ecumenical_altar_inner_sanctum
D:2:      layout_loops_cross, serial_shops, shop, uniq_terence
D:3:      cheibrodos_thug_alley, layout_rooms,
          nicolae_overflow_ecumenical_swirl, kennysheep_generic_room_15

Skill      XL: |  1  2  3  4 |
---------------+-------------+-----
Fighting       | 1 |  1.8
Ice Magic      | 1 |  1.4
Shields        | 1 |  1.0
Short Blades   | |  1.8
Dodging        | |  2.6
Stealth        | |  3.4
Spellcasting   | |  2.3
Hexes          | |  2.4

Action                   |  1- 3 |  4- 6 || total
-------------------------+-------+-------++-------
Melee: Dagger            |    76 |    14 ||    90
       Kick              |    17 |     3 ||    20
       Peck              |     6 |     1 ||     7
 Cast: Ensorcelled Hiber |     4 |     7 ||    11
  Use: Potion            |       |     1 ||     1
 Stab: Sleeping          |     7 |     8 ||    15
Armor: Robe              |    15 |     4 ||    19
Dodge: Dodged            |    41 |    13 ||    54
Block: Buckler           |     8 |     4 ||    12
